 Dungeon Crawl Stone Soup version 0.21.0-3-g78d12a8 (webtiles) character file.

12714 nuthulu the Blocker (level 11, -11/60 HPs)
             Began as a Gargoyle Fighter on Jan 10, 2018.
             Was a High Priest of Okawaru.
             Mangled by a komodo dragon (21 damage)
             ... on level 2 of the Lair of Beasts.
             The game lasted 00:25:19 (13425 turns).

nuthulu the Blocker (Gargoyle Fighter)             Turns: 13425, Time: 00:25:20

Health: -11/60     AC: 25    Str: 20    XL:     11   Next: 97%
Magic:  9/11       EV:  8    Int:  9    God:    Okawaru [*****.]
Gold:   848        SH: 16    Dex: 12    Spells: 10/10 levels left

rFire    . . .     SeeInvis .   a - +1 flail
rCold    . . .     Gourm    .   c - +1 shield
rNeg     + + .     Faith    .   s - +0 plate armour
rPois    ∞         Spirit   .   l - +0 helmet (curse)
rElec    +         Reflect  .   H - +0 cloak
rCorr    +         Harm     .   e - +0 pair of gloves
MR       .....                  (no boots)
Stlth    ..........             (no amulet)
HPRegen  0.20/turn              w - ring of resist corrosion
MPRegen  0.12/turn              B - ring of positive energy

@: heroism
A: negative energy resistance 1, electricity resistance, unbreathing,
petrification resistance, rot immunity, AC +8
a: Heroism, Finesse, Renounce Religion


You were on level 2 of the Lair of Beasts.
You worshipped Okawaru.
Okawaru was extremely pleased with you.
You were not hungry.

You visited 3 branches of the dungeon, and saw 13 of its levels.

You collected 848 gold pieces.

Inventory:

Hand Weapons
 a - a +1 flail (weapon)
Armour
 c - a +1 shield (worn)
 e - a +0 pair of gloves (worn)
 l - a cursed +0 helmet (worn)
 s - a +0 plate armour (worn)
 H - a +0 cloak (worn)
Jewellery
 w - a ring of resist corrosion (left hand)
 B - a ring of positive energy (right hand)
Wands
 b - a wand of iceblast (11)
 n - a wand of digging (14)
 r - a wand of paralysis (12)
 y - a wand of acid (9)
 z - a wand of polymorph (14)
 A - a wand of clouds (4)
 D - a wand of disintegration (12)
Scrolls
 g - 3 scrolls of amnesia
 o - 8 scrolls of remove curse
 q - 5 scrolls of teleportation
 x - a scroll of blinking
 I - a scroll of magic mapping
Potions
 h - 5 potions of curing
 i - 2 potions of agility
 j - 2 potions of brilliance
 k - 2 potions of invisibility
 m - 2 potions of lignification
 p - 2 potions of berserk rage
 t - a potion of magic
 u - a potion of heal wounds
 v - 2 potions of flight
 C - a potion of ambrosia
 E - a potion of might
 F - a potion of resistance {unknown}
 G - a potion of haste {unknown}
Comestibles
 d - 4 chunks of flesh
 f - 17 rations


   Skills:
 - Level 3.2(8.2) Fighting
 + Level 13.1(18.1) Maces & Flails
 - Level 3.2(8.2) Armour
 + Level 14.3(19.3) Shields


You had 10 spell levels left.
You didn't know any spells.

Dungeon Overview and Level Annotations

Branches:
Dungeon (10/15)            Temple (1/1) D:6            Lair (2/6) D:8
  Swamp (0/4) Lair:2        Snake (0/4) Lair:2
    Orc: D:9-12

Altars:
Ashenzari
Dithmenos
Fedhas
Gozag
Hepliaklqana
Okawaru
Qazlal
Ru
Sif Muna
Trog
Vehumet
Yredelemnul
The Shining One

Shops:
D:4 :

Annotations:
D:2 exclusion: oklob plant
D:10 Sonja


Innate Abilities, Weirdness & Mutations

You are resistant to torment.
Your stone body is resilient. (AC +8)
You are immune to poison.
You resist negative energy. (rN+)
You are resistant to electric shocks. (rElec)
You can survive without breathing.
You are immune to petrification.
You are immune to rotting.


Message History

The spiny frog stings you but does no damage.
You closely miss the komodo dragon.
The komodo dragon is heavily wounded.
The spiny frog stings you but does no damage.
The komodo dragon bites you but does no damage.
You hit the spiny frog but do no damage.
The spiny frog is almost dead.
You block the spiny frog's attack. The komodo dragon bites you!
* * * LOW HITPOINT WARNING * * *
You barely miss the komodo dragon.
The komodo dragon is heavily wounded.
The spiny frog stings you but does no damage.
You block the komodo dragon's attack.
You hit the komodo dragon.
The komodo dragon is heavily wounded.
The spiny frog stings you but does no damage.
You bludgeon the komodo dragon!!
The komodo dragon is almost dead.
The komodo dragon bites you!!
You die...

...#.######............
....................[...
...>....................
........................
.......................>
.............(..........
....#..###.#......#..#..
.......##..#..........
...#..@l...........
........F.........
.....#....#......
....###.###...... ...
.## ...... .. .. ......
. ... ..... ###


You could see a komodo dragon and a spiny frog.

Vanquished Creatures
  Fannar (D:10)
  2 two-headed ogres (D:8)
  A black mamba (Lair:1)
  Joseph (D:7)
  A spiny frog (Lair:1)
  A komodo dragon (Lair:1)
  5 polar bears
  2 hippogriffs
  A wyvern (D:10)
  Eustachio (D:4)
  4 yaks
  7 vampire mosquitoes
  Menkaure (D:4)
  4 nagas
  2 water moccasins (Lair:1)
  5 porcupines
  6 orc warriors
  6 ogres
  4 black bears
  An ice beast (D:6)
  9 wolves (Lair:1)
  2 necrophages
  A centaur (D:7)
  A crocodile (Lair:2)
  9 bullfrogs
  3 scorpions
  4 killer bees (D:9)
  5 wights (D:10)
  4 howler monkeys
  An electric eel (Lair:2)
  A crimson imp (D:10)
  4 jellies
  A quasit (D:7)
  3 hounds
  A centaur skeleton (D:8)
  4 orc priests
  A bullfrog skeleton (D:7)
  9 orc wizards
  Ijyb (D:4)
  2 iguanas (D:4)
  4 worker ants
  Terence (D:3)
  A killer bee zombie (D:9)
  Robin (D:2)
  3 gnolls (D:3)
  A worker ant zombie (D:8)
  15 adders
  2 shadow imps
  2 oozes (D:2)
  2 adder zombies
  5 worms
  3 dart slugs
  6 leopard geckos
  31 orcs
  11 bats
  8 giant cockroaches
  14 goblins
  14 hobgoblins
  9 jackals
  6 quokkas
  A ball python (D:2)
  8 frilled lizards
  A jackal zombie (D:8)
  5 kobolds
  A quokka skeleton (D:4)
  2 quokka zombies
  10 rats
289 creatures vanquished.

Vanquished Creatures (others)
  39 fungi
  6 plants (D:8)
  10 toadstools (D:2)
55 creatures vanquished.

Grand Total: 344 creatures vanquished

Notes
Turn   | Place    | Note
-------+----------+-------------------------------------------
     0 | D:1      | nuthulu the Gargoyle Fighter began the quest for the Orb.
     0 | D:1      | Reached XP level 1. HP: 14/14 MP: 1/1
   152 | D:1      | Reached XP level 2. HP: 19/19 MP: 2/2
   597 | D:1      | Reached XP level 3. HP: 20/23 MP: 3/3
   654 | D:1      | Reached skill level 4 in Shields
  1346 | D:2      | Reached XP level 4. HP: 26/28 MP: 4/4
  1685 | D:2      | Noticed Robin
  1715 | D:2      | Killed Robin
  1715 | D:2      | Reached XP level 5. HP: 16/32 MP: 5/5
  1911 | D:2      | Reached skill level 5 in Shields
  2060 | D:2      | Found a sacrificial altar of Ru.
  2166 | D:2      | Found a blossoming altar of Fedhas.
  2179 | D:2      | Noticed an oklob plant
  3273 | D:3      | Reached XP level 6. HP: 27/37 MP: 6/6
  3543 | D:3      | Noticed Terence
  3562 | D:3      | Killed Terence
  3562 | D:3      | Reached skill level 6 in Shields
  3817 | D:4      | Noticed Eustachio
  3850 | D:4      | Found Naucs's Book Shop.
  3856 | D:4      | Killed Eustachio
  3856 | D:4      | Reached skill level 5 in Maces & Flails
  3856 | D:4      | Reached XP level 7. HP: 37/41 MP: 7/7
  4349 | D:4      | Reached skill level 7 in Shields
  4467 | D:4      | Noticed Ijyb
  4478 | D:4      | Killed Ijyb
  4740 | D:4      | Reached XP level 8. HP: 42/46 MP: 8/8
  4785 | D:4      | Noticed Menkaure
  4800 | D:4      | Killed Menkaure
  5075 | D:4      | Reached skill level 8 in Shields
  5280 | D:5      | Entered Level 5 of the Dungeon
  5280 | D:5      | Found a basalt altar of Yredelemnul.
  6158 | D:6      | Reached skill level 9 in Shields
  6277 | D:6      | Found a staircase to the Ecumenical Temple.
  6360 | Temple   | Entered the Ecumenical Temple
  6410 | Temple   | Became a worshipper of Warmaster Okawaru
  6575 | D:7      | Noticed a yak
  6575 | D:7      | Noticed a yak
  6575 | D:7      | Noticed a yak
  6575 | D:7      | Noticed a yak
  6586 | D:6      | Killed a yak
  6586 | D:6      | Reached XP level 9. HP: 48/51 MP: 9/9
  6660 | D:7      | Reached * piety under Okawaru
  6660 | D:7      | Reached skill level 10 in Shields
  6760 | D:7      | Found a bloodstained altar of Trog.
  6770 | D:7      | Found a shadowy altar of Dithmenos.
  7581 | D:7      | Found a glowing golden altar of the Shining One.
  7584 | D:7      | Found an opulent altar of Gozag.
  7683 | D:7      | Noticed Joseph
  7727 | D:7      | Killed Joseph
  7756 | D:7      | Reached skill level 11 in Shields
  7815 | D:7      | Reached skill level 10 in Maces & Flails
  7815 | D:7      | Reached XP level 10. HP: 53/56 MP: 10/10
  8058 | D:8      | Reached ** piety under Okawaru
  8100 | D:8      | Noticed a two-headed ogre
  8101 | D:8      | Noticed a two-headed ogre
  8144 | D:8      | Killed a two-headed ogre
  8151 | D:8      | Killed a two-headed ogre
  8151 | D:8      | Reached skill level 12 in Shields
  8429 | D:8      | Found a staircase to the Lair.
  8481 | D:8      | Reached *** piety under Okawaru
  9433 | D:9      | Reached XP level 11. HP: 59/60 MP: 11/11
 10039 | D:10     | Entered Level 10 of the Dungeon
 10283 | D:10     | Noticed Fannar
 10334 | D:10     | Killed Fannar
 10334 | D:10     | Reached **** piety under Okawaru
 10334 | D:10     | Reached skill level 13 in Shields
 10716 | D:10     | Noticed Sonja
 11022 | Lair:1   | Entered Level 1 of the Lair of Beasts
 11982 | Lair:1   | Reached ***** piety under Okawaru
 12881 | Lair:1   | Reached skill level 14 in Shields
 13156 | Lair:2   | Found a staircase to the Snake Pit.
 13179 | Lair:2   | Found a staircase to the Swamp.
 13425 | Lair:2   | Mangled by a komodo dragon

Skill      XL: |  1  2  3  4  5  6  7  8  9 10 11 |
---------------+----------------------------------+-----
Shields        | 4 5 6 7 9 11 12 14 | 14.3
Maces & Flails | 3 4 5 6 8 10 11 13 | 13.1
Fighting       | |  3.2
Armour         | |  3.2

Action                   |  1- 3 |  4- 6 |  7- 9 | 10-12 || total
-------------------------+-------+-------+-------+-------++-------
Melee: Flail             |   149 |   372 |   477 |   794 ||  1792
Invok: Heroism           |       |       |     1 |     3 ||     4
  Use: Scroll            |     6 |     1 |    10 |     5 ||    22
       Potion            |       |     1 |       |     7 ||     8
 Stab: Invisible         |       |       |       |    12 ||    12
  Eat: Chunk             |     2 |     8 |    11 |    10 ||    31
       Ration            |       |       |     1 |     3 ||     4
Armor: Scale mail        |    98 |   249 |       |       ||   347
       Plate armour      |       |    71 |   267 |   485 ||   823
Dodge: Dodged            |    57 |   183 |    70 |   145 ||   455
Block: Shield            |    87 |   289 |   316 |   648 ||  1340
